 Dungeon Crawl Stone Soup version 0.27-a0-535-g7eaf864cf9 (console) character file.

Game seed: 13872450915651132315

298265 Gather the Gelid (level 20, -19/120 (132) HPs)
             Began as an Octopode Ice Elementalist on Feb 28, 2021.
             Was a Priest of Elyvilon.
             Killed from afar by a deep elf high priest (24 damage)
             ... with damnation
             ... on level 3 of the Elven Halls on Mar 6, 2021.
             The game lasted 08:55:00 (80854 turns).

Gather the Gelid (Octopode Ice Elementalist)       Turns: 80854, Time: 08:55:00

HP:   -19/120 (132) AC:  7    Str:  9    XL:     20   Next: 96%
MP:   40/40         EV: 27    Int: 28    God:    Elyvilon [***...]
Gold: 2337          SH: 21    Dex: 21    Spells: 0/34 levels left

rFire    . . .     SeeInvis +     - Unarmed
rCold    + . .     Faith    .   x - +4 kite shield "Vaniept" {rElec rPois rF-}
rNeg     . . .     Spirit   .   Z - +2 hat
rPois    +         Reflect  +   J - amulet of reflection
rElec    +         Harm     .   H - ring of see invisible
rCorr    .         Rampage  .   r - ring of protection from fire
Will     +....                  S - +4 ring of evasion
Stlth    ++++++....             D - +4 ring of protection
HPRegen  0.30/turn              U - ring of Compassion {rC+ Int+6 Stlth+}
MPRegen  0.27/turn              V - ring of magical power
                                d - +6 ring of dexterity
                                o - +4 ring of protection

@: corroded, hasted and slowed, studying Short Blades, drained
A: almost no armour, amphibious, 8 rings, constrict 8, camouflage 1, gelatinous
body 1, nimble swimmer 1
}: 2/15 runes: barnacled, gossamer
a: Renounce Religion, Lesser Healing, Heal Other, Purification, Divine
Protection


You were on level 3 of the Elven Halls.
You worshipped Elyvilon.
Elyvilon was most pleased with you.
You visited 8 branches of the dungeon, and saw 37 of its levels.
You visited the Abyss 2 times.
You also visited: Gauntlet.

You collected 3946 gold pieces.
You spent 1609 gold pieces at shops.

Inventory:

Hand Weapons
 a - a +3 dagger of electrocution
 v - a +2 dagger of venom
Missiles
 X - 14 curare-tipped darts
Armour
 b - the +1 buckler of Insecurity {rElec}
   (You found it on level 1 of the Spider Nest)

   It insulates you from electricity.
 x - the +4 kite shield "Vaniept" (worn) {rElec rPois rF-}
   (You found it on level 3 of the Lair of Beasts)

   It makes you vulnerable to fire.
   It insulates you from electricity.
   It protects you from poison.
 B - a +3 buckler of protection
 Z - a +2 hat (worn)
Magical Staves
 c - a staff of cold
Jewellery
 d - a +6 ring of dexterity (on tentacle)
 k - a ring of poison resistance
 o - a +4 ring of protection (on tentacle)
 p - the ring "Jefualu" {Fire rN+ Stlth+}
   (You found it on level 1 of the Shoals)

   [ring of fire]

   It enhances your fire magic.
   It protects you from fire.
   It makes you vulnerable to cold.
   It protects you from negative energy.
   It makes you more stealthy.
 r - a ring of protection from fire (right tentacle)
 u - a ring of wizardry
 D - a +4 ring of protection (on tentacle)
 H - a ring of see invisible (left tentacle)
 J - an amulet of reflection (around mantle)
 S - a +4 ring of evasion (on tentacle)
 T - a +6 ring of strength
 U - the ring of Compassion (on tentacle) {rC+ Int+6 Stlth+}
   (You found it on level 9 of the Dungeon)

   [ring of intelligence]

   It affects your intelligence (+6).
   It protects you from cold.
   It makes you more stealthy.
 V - a ring of magical power (on tentacle)
Wands
 f - a wand of flame (3) (quivered)
 y - a wand of acid (16)
 C - a wand of iceblast (27)
 O - a wand of digging (13)
Scrolls
 g - 2 scrolls of fear
 j - 5 scrolls of amnesia
 n - 4 scrolls of magic mapping
 s - 12 scrolls of identify
 z - 3 scrolls of fog
 A - 3 scrolls of teleportation
 L - a scroll of silence
 R - 12 scrolls of enchant armour
Potions
 e - 3 potions of resistance
 h - a potion of heal wounds
 i - 4 potions of curing
 l - 8 potions of brilliance
 m - 4 potions of berserk rage
 q - 6 potions of mutation
 t - a potion of cancellation
 w - 6 potions of attraction
 G - 4 potions of magic
 K - 6 potions of ambrosia
 P - 5 potions of might
 Q - a potion of flight
 W - 5 potions of haste
Miscellaneous
 E - a box of beasts
 F - a box of beasts
 I - a phantom mirror
 M - a phial of floods
 N - a tin of tremorstones (2/2)


   Skills:
 - Level 9.8 Fighting
 - Level 2.8 Short Blades
 + Level 13.6 Dodging
 - Level 6.0 Stealth
 + Level 12.0 Shields
 + Level 13.1 Unarmed Combat
 - Level 7.8 Spellcasting
 - Level 4.0 Conjurations
 - Level 13.6 Summonings
 - Level 2.0 Translocations
 - Level 9.6 Transmutations
 - Level 15.1 Ice Magic
 - Level 8.5 Earth Magic
 - Level 10.0 Invocations
 + Level 7.4 Evocations


You couldn't memorise any spells.
You knew the following spells:

 Your Spells              Type           Power      Damage    Failure   Level
a - Freeze                Ice            100%       1d11      0%          1
b - Summon Ice Beast      Ice/Summ       74%        N/A       1%          4
c - Lee's Rapid Deconstr  Erth           28%        3d16*     6%          5
f - Ice Form              Ice/Tmut       69%        N/A       1%          4
h - Hailstorm             Conj/Ice       59%        3d13      1%          4
i - Ozocubu's Armour      Ice            77%        N/A       1%          3
s - Shadow Creatures      Summ           N/A        N/A       4%          6
w - Passwall              Tmut/Erth      48%        N/A       1%          2
x - Frozen Ramparts       Ice            100%       1d12      1%          3
z - Blink                 Tloc           N/A        N/A       4%          2

Your spell library contained the following spells:

 Spells                   Type           Power      Damage    Failure   Level
 Beastly Appendage        Tmut           100%       N/A       1%          1
 Magic Dart               Conj           100%       1d8       1%          1
 Summon Small Mammal      Summ           100%       N/A       1%          1
 Call Imp                 Summ           72%        N/A       1%          2
 Ensorcelled Hibernation  Hex/Ice        100%       N/A       1%          2
 Wereblood                Tmut           60%        N/A       1%          2
 Call Canine Familiar     Summ           72%        N/A       1%          3
 Summon Guardian Golem    Hex/Summ       49%        N/A       1%          3
 Petrify                  Tmut/Erth      58%        N/A       1%          4
 Spider Form              Tmut/Pois      19%        N/A       3%          3
 Blade Hands              Tmut           30%        N/A       3%          5
 Summon Lightning Spire   Summ/Air       49%        N/A       4%          4
 Corona                   Hex            11%        N/A       8%          1
 Metabolic Englaciation   Hex/Ice        26%        N/A       9%          5
 Conjure Flame            Conj/Fire      22%        6-21      10%         3
 Dazzling Flash           Conj/Hex       44%        N/A       10%         3
 Gell's Gravitas          Tloc           11%        N/A       10%         3
 Lesser Beckoning         Tloc           11%        N/A       10%         3
 Teleport Other           Tloc           22%        N/A       10%         3
 Slow                     Hex            10%        N/A       11%         2
 Swiftness                Air            10%        N/A       11%         2
 Irradiate                Conj/Tmut      24%        3d21      12%         5
 Mephitic Cloud           Conj/Pois/Air  18%        N/A       13%         3
 Confusing Touch          Hex            10%        N/A       22%         3
 Tukima's Dance           Hex            10%        N/A       22%         3
 Yara's Violent Unravell  Hex/Tmut       19%        3d9       28%         5
 Fulminant Prism          Conj/Hex       11%        3d9       32%         4
 Manifold Assault         Tloc           22%        N/A       32%         4
 Passage of Golubria      Tloc           N/A        N/A       32%         4
 Borgnjor's Vile Clutch   Necr/Erth      17%        N/A       34%         5
 Silence                  Hex/Air        5%         N/A       90%         5
 Conjure Ball Lightning   Conj/Air       11%        3x3d6     99%         6
 Invisibility             Hex            10%        N/A       100%        6
 Tornado                  Air            5%         N/A       100%        9
 Animate Armour           Summ/Erth      Unusable   N/A       N/A         4

Dungeon Overview and Level Annotations

Branches:
Dungeon (15/15)            Temple (1/1) D:5            Lair (6/6) D:9
 Shoals (4/4) Lair:3       Spider (4/4) Lair:4        Slime (0/5) Lair:6
    Orc (2/2) D:12            Elf (3/3) Orc:2        Vaults (2/5) D:14
 Depths (0/5) D:15        Gauntlet (visited)
  Crypt: Vaults:2-3

Altars:
Ashenzari
Cheibriados
Dithmenos
Elyvilon
Fedhas
Gozag
Hepliaklqana
Kikubaaqudgha
Makhleb
Nemelex Xobeh
Okawaru
Qazlal
Ru
Sif Muna
Trog
Uskayaw
Vehumet
Wu Jian
Xom
Yredelemnul
The Shining One
Beogh
Jiyva

Shops:
D:13 ([:[!   Orc:1 *   Orc:2 ?[*((   Elf:1 [   Shoals:2 ?

Annotations:
Shoals:3 2 transporters, Garrluk's ghost, adept GnWr


Innate Abilities, Weirdness & Mutations

You cannot wear most types of armour.
You are amphibious.
You can wear up to eight rings at the same time.
You can use your tentacles to constrict eight enemies at once.
Your skin changes colour to match your surroundings (Stealth+).
Your rubbery body absorbs attacks. (AC +1, EV +1)
You are stealthy while swimming. (Stealth+)


Message History

Elyvilon protects you from harm!
You are splashed with acid!
* * * LOW HITPOINT WARNING * * *
The deep elf sorcerer gestures at you while chanting.
The sphere of damnation explodes!
The damnation engulfs you!!!
You can no longer call upon Elyvilon for divine vigour.
Elyvilon protects you from harm!
The deep elf knight shoots an arrow.
You reflect the arrow off an invisible shield around you!
The arrow hits the deep elf knight but does no damage.
You hear a shout! x3
You feel yourself speed up.
You block the deep elf sorcerer's attack.
The deep elf knight shoots an arrow.
You reflect the arrow off an invisible shield around you!
The arrow barely misses the deep elf sorcerer.
The arrow hits the deep elf knight!!
The deep elf sorcerer completely misses you.
The deep elf sorcerer points at you and mumbles some strange words.
The bolt of acid hits you!!! Elyvilon protects you from harm!
The acid corrodes you!
You are splashed with acid.
* * * LOW HITPOINT WARNING * * *
The deep elf knight shoots an arrow.
The arrow barely misses you.
An orc warrior and an ogre come into view.
Your divine protection fades away.
The deep elf high priest prays.
An orc high priest comes into view. It is wielding a +0 glaive.
You block the deep elf sorcerer's attack.
Items here: ( )) [.
You block the orc warrior's attack.
The deep elf sorcerer points at you and mumbles some strange words.
The bolt of acid hits you!
* * * LOW HITPOINT WARNING * * *
You are splashed with acid!
Elyvilon protects you from harm!
The orc high priest completely misses you.
The deep elf high priest calls down the wrath of its god upon you.
The sphere of damnation explodes!
The damnation engulfs you!!
You die...

#....)).....#
.....##e##..... ... #e#
... . #)# . #.### #e#.#
##.#.# ############.e.##
####### #.^..).....#..##
#...... #.........ee..#
#...... #.......@[e####
#...... #....[)[.o.#
#...... #..)<[))..o#####
#......
#...[[.....'...####......
#...)......O......'......
##[.......##.####.#......
##......###.# #.##.....
##....## #.# #.###....
##..## #.# #.# ##... #''#
#.# #.# ##'' #..# #.# #.#
#..


You could see 2 deep elf sorcerers, an orc high priest, a deep elf knight
(summoned, fast, invisible), a deep elf high priest, an orc warrior and an ogre.

Vanquished Creatures
  Jorgrun (Shoals:1)
  A deep elf blademaster (Elf:2)
  A deep elf master archer (Elf:3)
  A deep elf sorcerer (Elf:1)
  2 vault wardens (Vaults:1)
  An orc warlord (Orc:2)
  3 ghost moths
  4 deep elf elementalists (Elf:3)
  3 emperor scorpions (Spider:3)
  2 ironheart preservers (Vaults:1)
  A stone giant (Vaults:1)
  The ghost of Beaer the Unseen, a journeyman VSBr of Okawaru (Shoals:1)
  Azrael (D:12)
  A deep elf annihilator (Elf:3)
  A deep elf demonologist (Elf:3)
  2 entropy weavers
  The ghost of Venetas the Geomancer, a journeyman GrEE of Vehumet (D:13)
  A spark wasp (Spider:3)
  3 merfolk impalers
  A merfolk javelineer (Shoals:3)
  A deep elf high priest (Elf:3)
  A fire dragon (Vaults:1)
  Josephine (D:12)
  2 vault guards (Vaults:1)
  3 yaktaur captains
  A rakshasa (Vaults:1)
  A great orb of eyes (Vaults:2)
  3 boulder beetles
  7 hydras
  A merfolk avatar (Shoals:3)
  8 centaur warriors
  2 catoblepae
  8 ogre magi
  Erolcha (D:10)
  An alligator snapping turtle (Shoals:2)
  2 merfolk aquamancers
  19 dancing weapons
  24 two-headed ogres
  A tengu warrior (Gauntlet)
  A queen ant (Spider:4)
  A deep troll earth mage (Vaults:1)
  10 death yaks
  Urug (Orc:2)
  17 deep elf knights
  Nergalle (Lair:4)
  A skeletal warrior (Vaults:1)
  5 sea snakes (Shoals:3)
  The ghost of TimeIsEndless the Insei, a novice OpFi (D:7)
  An orange crystal statue (Shoals:1)
  2 deep trolls (Vaults:1)
  A flayed ghost (Vaults:1)
  9 orc knights
  5 deep elf archers
  Pikel (D:6)
  5 harpies
  4 ironbrand convokers (Vaults:1)
  19 wolf spiders
  An orb spider (shapeshifter) (Vaults:1)
  19 deep elf zephyrmancers
  An orc sorcerer (Orc:2)
  18 deep elf pyromancers
  A salamander (shapeshifter) (Vaults:2)
  A wolf spider zombie (D:15)
  3 cyclopes
  3 ugly things
  7 manticores
  A spectral centaur (D:12)
  10 orb spiders
  4 elephants (Gauntlet)
  8 black mambas
  4 merfolk sirens
  3 torpor snails
  Joseph (Lair:1)
  3 vault sentinels
  3 moths of wrath (Spider:3)
  8 cane toads
  7 water nymphs
  A gargoyle (D:13)
  An efreet (D:14)
  4 rime drakes
  15 komodo dragons
  17 demonic crawlers
  3 centaur skeletons
  A kobold demonologist (Elf:1)
  A freezing wraith (D:15)
  Psyche (D:10)
  2 yaktaurs
  A tengu conjurer (Gauntlet)
  19 jumping spiders
  8 trolls
  6 polar bears
  11 merfolk
  2 wind drakes
  21 blink frogs
  6 snapping turtles
  13 hornets
  6 slime creatures (Vaults:1)
  An air elemental (Elf:2)
  61 redbacks
  12 spriggans (Lair:6)
  8 water elementals
  A shadow (D:14)
  A centaur simulacrum (D:12)
  A vampire (D:13)
  4 wraiths
  20 tarantellas
  2 basilisks
  3 wyverns
  26 yaks
  Grum (D:11)
  5 fire elementals
  7 wargs
  An acid dragon (D:14)
  15 soldier ants
  12 water moccasins
  2 nameless horrors
  4 hell hounds (D:12)
  28 orc warriors
  3 ice beasts
  5 sky beasts
  4 black bears
  A necrophage (D:10)
  40 ogres
  A black bear (shapeshifter) (Vaults:1)
  29 wolves
  11 boggarts
  17 centaurs
  3 lemures
  3 phantoms
  A kobold brigand (D:7)
  21 bullfrogs
  A wyvern zombie (D:14)
  An earth elemental (Elf:2)
  4 scorpions
  7 killer bees
  2 howler monkeys
  13 wights
  An electric eel (Lair:4)
  2 centaur zombies
  4 jellies
  2 bullfrog zombies
  3 hounds
  A quasit (D:12)
  12 orc priests
  Crazy Yiuf (D:6)
  4 iguanas
  25 orc wizards
  36 worker ants
  5 hell rats (Lair:6)
  3 hound zombies
  2 hound skeletons
  2 worker ant zombies
  A howler monkey zombie (D:8)
  12 adders
  4 gnolls (D:5)
  2 shadow imps
  A white imp (D:6)
  An ufetubus (D:5)
  An adder skeleton (D:5)
  4 worms
  7 dart slugs
  6 leopard geckos
  109 orcs
  A ball python (D:3)
  12 giant cockroaches
  8 goblins
  8 hobgoblins
  8 jackals
  13 kobolds
  3 quokkas
  14 bats
  4 frilled lizards
  2 quokka skeletons
  8 rats
  2 butterflies (D:6)
1165 creatures vanquished.

Vanquished Creatures (collateral kills)
  Nikola (Vaults:1)
  A deep elf blademaster (Elf:2)
  Gastronok (Lair:1)
  Ilsuiw (Shoals:3)
  A frost giant (D:15)
  A vault warden (Vaults:1)
  An emperor scorpion (Spider:4)
  The ghost of Rithrew the Carver, a journeyman DsFi of Okawaru (Spider:4)
  Aizul (Shoals:3)
  A ghost moth (Spider:3)
  A deep elf elementalist (Elf:3)
  An ironheart preserver (Vaults:1)
  6 deep elf annihilators
  2 entropy weavers
  A minotaur (Gauntlet)
  A spark wasp (Spider:4)
  3 deep elf death magi (Elf:3)
  3 merfolk javelineers (Shoals:4)
  3 merfolk impalers
  A deep elf high priest (Elf:3)
  A great orb of eyes (Vaults:1)
  The ghost of YoungGLord the Thaumaturge, a journeyman GrEE of Vehumet (D:12)
  A vault guard (Vaults:1)
  4 hydras
  A boulder beetle (Spider:2)
  Erica (D:8)
  2 merfolk avatars
  2 death knights (Vaults:1)
  2 alligator snapping turtles
  4 merfolk aquamancers (Shoals:4)
  5 two-headed ogres
  13 dancing weapons
  A death yak (Lair:5)
  7 deep elf knights
  Sonja (D:10)
  A skeletal warrior (Vaults:1)
  A flayed ghost (Vaults:1)
  6 sea snakes
  A deep troll (Vaults:1)
  2 harpies (Shoals:4)
  2 deep elf archers
  A wizard (Elf:1)
  3 orc knights
  16 deep elf pyromancers
  15 deep elf zephyrmancers
  10 wolf spiders
  9 manticores
  3 orb spiders
  3 oklob plants
  2 fauns (Shoals:3)
  A centaur zombie (D:13)
  2 moths of wrath (Spider:4)
  A large abomination (Abyss:3)
  2 spectral centaurs (D:12)
  4 cyclopes
  A torpor snail (Lair:2)
  3 water nymphs
  2 merfolk sirens
  Maggie (Lair:2)
  A yaktaur (Vaults:1)
  9 demonic crawlers
  14 jumping spiders
  A freezing wraith (Vaults:1)
  2 wind drakes (Shoals:4)
  A troll (D:13)
  20 merfolk
  2 polar bears
  2 blink frogs (Lair:2)
  7 snapping turtles
  7 dream sheep (Shoals:4)
  15 redbacks
  6 water elementals
  A centaur simulacrum (D:12)
  3 air elementals
  12 tarantellas
  19 yaks
  A basilisk (Lair:6)
  2 fire elementals
  A warg (Elf:3)
  3 soldier ants (Spider:4)
  A water moccasin (Lair:2)
  2 nameless horrors
  5 orc warriors
  3 centaurs
  3 wolves (Lair:6)
  A boggart (Lair:6)
  A lemure (D:6)
  3 bullfrogs
  2 earth elementals
  A hornet simulacrum (D:12)
  A killer bee (D:6)
  A bullfrog zombie (D:13)
  3 orc priests
  2 orc wizards
  3 worker ants
  2 orcs (D:8)
  A giant cockroach (D:6)
334 creatures vanquished.

Vanquished Creatures (others)
  A deep elf death mage (Elf:3)
  2 deep elf zephyrmancers
  A tengu conjurer (Gauntlet)
  A water moccasin (Lair:6)
  4 demonic plants (Gauntlet)
  54 fungi
  85 plants
148 creatures vanquished.

Grand Total: 1647 creatures vanquished

Notes
Turn   | Place    | Note
-------+----------+-------------------------------------------
     0 | D:1      | Gather the Octopode Ice Elementalist began the quest for
                  | the Orb.
     0 | D:1      | Reached XP level 1. HP: 11/11 MP: 3/3
   243 | D:1      | Reached XP level 2. HP: 17/17 MP: 5/5
   934 | D:1      | You fall into a shaft and drop 1 floor!
   938 | D:2      | Reached skill level 5 in Ice Magic
   938 | D:2      | Reached XP level 3. HP: 16/21 MP: 3/6
   947 | D:2      | Learned a level 3 spell: Frozen Ramparts
  1140 | D:2      | Found an iron altar of Okawaru.
  1327 | D:2      | Reached XP level 4. HP: 27/27 MP: 3/7
  1462 | D:2      | Learned a level 3 spell: Ozocubu's Armour
  2342 | D:3      | Reached skill level 6 in Ice Magic
  2510 | D:3      | Reached XP level 5. HP: 31/31 MP: 1/8
  2833 | D:3      | Found a glowing golden altar of the Shining One.
  2878 | D:3      | Became a worshipper of the Shining One
  3529 | D:3      | Reached skill level 1 in Fighting
  3631 | D:3      | Found an iron altar of Okawaru.
  3781 | D:4      | Reached XP level 6. HP: 21/38 MP: 2/9
  3966 | D:4      | Reached skill level 1 in Short Blades
  4461 | D:4      | Reached XP level 7. HP: 34/45 MP: 3/10
  4812 | D:4      | Found a shimmering blue altar of Sif Muna.
  5023 | D:4      | Found a burning altar of Makhleb.
  5024 | D:4      | Found a shadowy altar of Dithmenos.
  5148 | D:5      | Entered Level 5 of the Dungeon
  5608 | D:5      | Found a staircase to the Ecumenical Temple.
  5609 | D:5      | Reached * piety under the Shining One
  5635 | Temple   | Entered the Ecumenical Temple
  5851 | Temple   | Fell from the grace of the Shining One
  5851 | Temple   | Became a worshipper of Elyvilon the Healer
  6223 | D:5      | Identified the Almanac of Entrancing Changing
  6225 | D:5      | Found a radiant altar of Vehumet.
  6484 | D:5      | Reached skill level 7 in Ice Magic
  6667 | D:6      | Noticed Pikel
  6714 | D:5      | Learned a level 4 spell: Summon Ice Beast
  6935 | D:5      | Reached skill level 1 in Summonings
  7233 | D:5      | Reached XP level 8. HP: 28/52 MP: 4/11
  8783 | D:6      | Killed Pikel
  8784 | D:6      | Reached skill level 5 in Summonings
  8877 | D:6      | Found a snail-covered altar of Cheibriados.
  8975 | D:6      | Reached skill level 8 in Ice Magic
  9092 | D:6      | Reached * piety under Elyvilon
  9365 | D:6      | Found a runed translucent door.
  9367 | D:6      | Found a runed translucent door.
  9380 | D:6      | Reached XP level 9. HP: 49/56 MP: 2/12
  9605 | D:6      | Found a runed translucent door.
  9606 | D:6      | Noticed Crazy Yiuf
  9614 | D:6      | Killed Crazy Yiuf
  9623 | D:6      | Identified the +10 mace of Arrival {vorpal, rF+ Str+3 Dex-2
                  | Stlth+}
  9625 | D:6      | Identified the +6 mace "Ijuosy" {freeze, Dex+4 SInv}
  9903 | D:7      | Found a transporter.
 10141 | D:7      | Found a transporter.
 10141 | D:7      | Noticed TimeIsEndless's ghost (novice OpFi)
 10269 | D:7      | Reached skill level 9 in Ice Magic
 11060 | D:7      | Learned a level 4 spell: Ice Form
 11105 | D:7      | Reached ** piety under Elyvilon
 11110 | D:7      | Reached skill level 1 in Transmutations
 11860 | D:8      | Reached skill level 1 in Invocations
 11860 | D:8      | Reached skill level 1 in Evocations
 11914 | D:8      | Noticed a two-headed ogre
 12076 | D:8      | Reached skill level 1 in Unarmed Combat
 12201 | D:8      | Killed a two-headed ogre
 12202 | D:8      | Reached XP level 10. HP: 55/63 MP: 3/16
 12707 | D:8      | Noticed Erica
 12772 | D:8      | Killed Erica
 13375 | D:9      | Identified the ring of Compassion {rC+ Int+6 Stlth+}
 13384 | D:9      | Reached *** piety under Elyvilon
 13790 | D:9      | Reached skill level 5 in Transmutations
 13825 | D:9      | Found a stormy altar of Qazlal.
 13840 | D:9      | Found a staircase to the Lair.
 14775 | Lair:1   | Entered Level 1 of the Lair of Beasts
 14905 | Lair:1   | Reached **** piety under Elyvilon
 14927 | Lair:1   | Reached skill level 5 in Dodging
 15135 | Lair:1   | Reached XP level 11. HP: 67/67 MP: 16/17
 15329 | Lair:1   | Reached skill level 5 in Evocations
 15332 | Lair:1   | Reached skill level 5 in Invocations
 15637 | Lair:1   | Noticed Joseph
 15638 | Lair:1   | Noticed Gastronok
 15684 | Lair:1   | Killed Joseph
 15892 | Lair:1   | Killed Gastronok
 15893 | Lair:1   | Reached skill level 5 in Unarmed Combat
 16263 | Lair:2   | Noticed a catoblepas
 16277 | Lair:2   | Killed a catoblepas
 16540 | Lair:2   | Noticed a seven-headed hydra
 17042 | Lair:2   | Noticed a death yak
 17055 | Lair:2   | Killed a death yak
 17274 | Lair:2   | Noticed Maggie
 17289 | Lair:2   | Killed Maggie
 17368 | Lair:2   | Reached XP level 12. HP: 58/74 MP: 18/18
 17552 | Lair:2   | Noticed a seven-headed hydra
 17566 | Lair:2   | Killed a seven-headed hydra
 18043 | Lair:2   | Killed a seven-headed hydra
 18282 | Lair:2   | Reached skill level 5 in Fighting
 18285 | Lair:2   | Reached skill level 10 in Ice Magic
 18477 | Lair:2   | Noticed an eight-headed hydra
 18500 | Lair:2   | Killed an eight-headed hydra
 18794 | Lair:3   | Found a sparkling altar of Nemelex Xobeh.
 18945 | Lair:3   | You fall into a shaft and drop 1 floor!
 19147 | Lair:3   | Found a staircase to the Shoals.
 19152 | Lair:3   | Reached ***** piety under Elyvilon
 19347 | Lair:3   | Noticed an eight-headed hydra
 19362 | Lair:3   | Killed an eight-headed hydra
 19604 | Lair:3   | Identified the +4 kite shield "Vaniept" {rElec rPois rF-}
 19664 | Lair:3   | Noticed a seven-headed hydra
 19707 | Lair:3   | Killed a seven-headed hydra
 20087 | Lair:4   | Found a hole to the Spider Nest.
 20306 | Lair:4   | Reached XP level 13. HP: 84/84 MP: 18/19
 20358 | Lair:4   | Noticed Nergalle
 20407 | Lair:4   | Killed Nergalle
 21475 | Lair:4   | Reached skill level 11 in Ice Magic
 22896 | Lair:6   | Entered Level 6 of the Lair of Beasts
 23114 | Lair:6   | Reached skill level 5 in Spellcasting
 23574 | Lair:6   | Found a staircase to the Slime Pits.
 23647 | Lair:6   | Found a viscous altar of Jiyva.
 24359 | Lair:6   | Reached skill level 10 in Dodging
 24366 | Lair:6   | Reached XP level 14. HP: 92/92 MP: 22/22
 24589 | Lair:6   | Reached ****** piety under Elyvilon
 24897 | Lair:6   | Reached skill level 12 in Ice Magic
 25005 | Lair:6   | Reached skill level 1 in Shields
 25252 | Lair:6   | Learned a level 2 spell: Blink
 25257 | Lair:6   | Learned a level 4 spell: Hailstorm
 25768 | Lair:6   | Reached skill level 1 in Conjurations
 25768 | Lair:6   | Reached skill level 1 in Translocations
 26388 | Lair:6   | Identified the amulet "Pocietakau" {Faith +Fly rC+ rN+
                  | Will+}
 26931 | D:10     | Entered Level 10 of the Dungeon
 27019 | D:10     | Noticed Psyche
 27071 | D:10     | Noticed Sonja
 27258 | D:10     | Killed Sonja
 27353 | D:10     | Killed Psyche
 27411 | D:10     | Noticed Erolcha
 27434 | D:10     | Killed Erolcha
 28456 | D:11     | Noticed Grum
 28464 | D:11     | Killed Grum
 28674 | D:11     | Found a blossoming altar of Fedhas.
 29149 | D:11     | Upgraded the game from 0.27-a0-457-gba82baf56e to
                  | 0.27-a0-475-g4587593e40
 29194 | D:12     | Found a staircase to the Orcish Mines.
 29215 | D:12     | Found a gate leading to a gauntlet.
 29232 | Gauntlet | Entered a Gauntlet
 29232 | Gauntlet | Found a transporter.
 29232 | Gauntlet | Found a transporter.
 29262 | Gauntlet | Found a transporter.
 29265 | Gauntlet | Found a transporter.
 29273 | Gauntlet | Found a transporter.
 29277 | Gauntlet | Found a transporter.
 29283 | Gauntlet | Found a runed translucent gate.
 29285 | Gauntlet | Found a transporter.
 29286 | Gauntlet | Found a runed translucent gate.
 29286 | Gauntlet | Found a runed translucent gate.
 29305 | Gauntlet | Found a transporter.
 29322 | Gauntlet | Found a transporter.
 29326 | Gauntlet | Found a transporter.
 29334 | Gauntlet | Found a transporter.
 29338 | Gauntlet | Found a transporter.
 30007 | Gauntlet | Identified the +1 pair of gloves of the Salamander {rF+++}
 30472 | Gauntlet | Reached skill level 13 in Ice Magic
 30485 | Gauntlet | Reached XP level 15. HP: 68/97 MP: 22/24
 30757 | D:12     | Noticed Josephine
 30770 | D:12     | Killed Josephine
 30873 | D:12     | Found a runed translucent gate.
 30874 | D:12     | Found a runed translucent gate.
 30913 | D:12     | Found a burning altar of Makhleb.
 30915 | D:12     | Found a runed translucent gate.
 30916 | D:12     | Noticed YoungGLord's ghost (journeyman GrEE)
 30924 | D:12     | Noticed Azrael
 30933 | D:12     | Killed Azrael
 30934 | D:12     | Reached XP level 16. HP: 93/103 MP: 20/25
 30952 | D:12     | Learned a level 6 spell: Shadow Creatures
 31719 | Orc:1    | Entered Level 1 of the Orcish Mines
 31993 | Orc:1    | Found Ixyna's Assorted Antiques.
 32000 | Orc:1    | Bought a scroll of blinking for 195 gold pieces
 32664 | Orc:2    | Entered Level 2 of the Orcish Mines
 33513 | Orc:2    | Found a staircase to the Elven Halls.
 33696 | Orc:2    | Found Gycesk's Weapon Emporium.
 33718 | Orc:2    | Reached skill level 10 in Summonings
 34293 | Orc:2    | Paralysed by an ogre mage for 3 turns
 34322 | Orc:2    | Upgraded the game from 0.27-a0-475-g4587593e40 to
                  | 0.27-a0-492-ga4bb394fd4
 34445 | Orc:2    | Found Vaqatoh's Antique Weapon Shop.
 34445 | Orc:2    | Found Syschetawa's Armour Emporium.
 34445 | Orc:2    | Found Tukuu's Assorted Antiques.
 34445 | Orc:2    | Found Rifimyxe's Magic Scroll Boutique.
 34446 | Orc:2    | Noticed Urug
 34458 | Orc:2    | Killed Urug
 34531 | Orc:2    | Bought a sapphire ring for 150 gold pieces
 35350 | Spider:1 | Entered Level 1 of the Spider Nest
 35397 | Spider:1 | Reached skill level 10 in Unarmed Combat
 36875 | Spider:1 | Identified the +1 buckler of Insecurity {rElec}
 37604 | Spider:2 | Reached XP level 17. HP: 109/109 MP: 10/26
 38101 | Spider:2 | Reached skill level 14 in Ice Magic
 40703 | Spider:4 | Entered Level 4 of the Spider Nest
 42245 | D:12     | Killed YoungGLord's ghost
 42563 | D:7      | Killed TimeIsEndless's ghost
 43796 | Spider:4 | Identified a scroll of acquirement
 43796 | Spider:4 | Acquired a staff of cold
 44112 | Spider:4 | Upgraded the game from 0.27-a0-492-ga4bb394fd4 to
                  | 0.27-a0-506-g2188dfaaa0
 47445 | Spider:4 | Paralysed by a hornet for 2 turns
 47968 | Spider:4 | Got a gossamer rune of Zot
 48837 | Spider:4 | Reached XP level 18. HP: 113/116 MP: 12/28
 49207 | Spider:4 | Found a runed translucent door.
 49207 | Spider:4 | Found a shimmering altar of Xom.
 49207 | Spider:4 | Noticed Rithrew's ghost (journeyman DsFi)
 49454 | Spider:4 | Paralysed by a +1 broad axe of chaos for 5 turns
 49469 | Spider:4 | Killed Rithrew's ghost
 49753 | Shoals:1 | Entered Level 1 of the Shoals
 50027 | Shoals:1 | Found a runed translucent gate.
 50028 | Shoals:1 | Found a runed translucent gate.
 50029 | Shoals:1 | Found a runed translucent gate.
 50127 | Shoals:1 | Noticed Jorgrun
 50156 | Shoals:1 | Killed Jorgrun
 50465 | Shoals:1 | Found a transporter.
 50465 | Shoals:1 | Found a transporter.
 50689 | Shoals:1 | Noticed Beaer's ghost (journeyman VSBr)
 51103 | Shoals:2 | HP: 2/139 [alligator snapping turtle (47)]
 52207 | Shoals:2 | Found Kaol's Magic Scroll Boutique.
 52966 | Shoals:3 | Noticed Ilsuiw
 52977 | Shoals:3 | Killed Ilsuiw
 53811 | Shoals:3 | Noticed Aizul
 53825 | Shoals:3 | Killed Aizul
 54295 | Shoals:3 | Identified the +7 arbalest of Cheibriados's Esteem {vorpal,
                  | rElec Str+3}
 54302 | Shoals:3 | Found a transporter.
 54302 | Shoals:3 | Noticed Garrluk's ghost (adept GnWr)
 54303 | Shoals:3 | Found a bloodstained altar of Trog.
 54303 | Shoals:3 | Identified the +2 demon trident of Honesty {antimagic,
                  | Will+}
 54304 | Shoals:3 | Identified the +6 trident of Calculation {antimagic, Int+3}
 54310 | Shoals:3 | Found a transporter.
 54576 | Shoals:3 | Identified the +1 scale mail of Kaydghut {Rampage Slay+4}
 54746 | Shoals:4 | Entered Level 4 of the Shoals
 55247 | Shoals:3 | Reached skill level 5 in Stealth
 55667 | D:13     | Found Nyesicre's Antique Weapon Boutique.
 55844 | D:13     | Noticed Venetas's ghost (journeyman GrEE)
 55849 | D:13     | Found a runed translucent door.
 55989 | D:13     | Found Vaar's Armour Boutique.
 56178 | D:13     | Found Agreur's Distillery.
 56183 | D:13     | You fall into a shaft and drop 1 floor!
 56341 | D:13     | Bought 2 potions of magic for 224 gold pieces
 56341 | D:13     | Bought a potion of haste for 140 gold pieces
 56659 | D:13     | Killed Venetas's ghost
 56851 | D:13     | Found Citableu's Antique Armour Shoppe.
 56915 | D:13     | Found Derunt's Book Boutique.
 57022 | D:14     | Reached skill level 15 in Ice Magic
 57578 | D:14     | Found a gate to the Vaults.
 57768 | D:15     | Entered Level 15 of the Dungeon
 58212 | D:15     | Identified the +3 scale mail "Mouvuw" {rPois Regen+ Slay+5
                  | Stlth+}
 58219 | D:15     | Found a staircase to the Depths.
 59014 | D:13     | Bought a book of Burglary for 900 gold pieces
 59020 | D:13     | Learned a level 5 spell: Lee's Rapid Deconstruction
 59265 | Shoals:4 | Reached skill level 1 in Earth Magic
 59577 | Shoals:4 | Identified the +5 short sword "Baucexzy" {pain, rN++ Str-5
                  | Dex+9 Stlth+}
 60697 | Shoals:4 | Got a barnacled rune of Zot
 60979 | Shoals:4 | Reached XP level 19. HP: 122/122 MP: 27/30
 61300 | Shoals:3 | Upgraded the game from 0.27-a0-506-g2188dfaaa0 to
                  | 0.27-a0-520-gb83adbd1c9
 61512 | Shoals:4 | Reached skill level 5 in Earth Magic
 62466 | Shoals:1 | Killed Beaer's ghost
 62972 | Vaults:1 | Entered Level 1 of the Vaults
 64549 | Vaults:1 | Reached skill level 5 in Shields
 65516 | Shoals:1 | Identified the ring "Jefualu" {Fire rN+ Stlth+}
 65520 | Shoals:1 | Identified the +2 hat of the Barracuda {+Inv rPois rF-
                  | Stlth+}
 65524 | Shoals:1 | Identified the +1 shortbow "Cenyph" {venom, +Inv rElec rC+
                  | rN+}
 66429 | Vaults:1 | Paralysed by an ogre mage for 7 turns
 67106 | Vaults:1 | Noticed Nikola
 67123 | Vaults:1 | Killed Nikola
 68720 | Vaults:2 | Reached skill level 10 in Shields
 69101 | D:12     | Upgraded the game from 0.27-a0-520-gb83adbd1c9 to
                  | 0.27-a0-531-gb72ec1a1b6
 69162 | Elf:1    | Entered Level 1 of the Elven Halls
 69502 | Orc:2    | Reached XP level 20. HP: 54/128 MP: 18/31
 71278 | Elf:1    | Cast into level 3 of the Abyss (a deep elf sorcerer)
 71337 | Elf:1    | Escaped the Abyss
 71530 | Elf:1    | Found Fiovaad's Antique Armour Shoppe.
 73079 | Elf:2    | Upgraded the game from 0.27-a0-531-gb72ec1a1b6 to
                  | 0.27-a0-535-g7eaf864cf9
 73093 | Elf:2    | Found a shimmering altar of Xom.
 73194 | Elf:2    | Found a huge runed translucent gate.
 73194 | Elf:2    | Found a huge runed translucent gate.
 73194 | Elf:2    | Found a huge runed translucent gate.
 73194 | Elf:2    | Found a huge runed translucent gate.
 73196 | Elf:2    | Found a huge runed translucent gate.
 76016 | Elf:2    | Learned a level 2 spell: Passwall
 76643 | Elf:3    | Entered Level 3 of the Elven Halls
 77239 | Elf:3    | Reached skill level 10 in Invocations
 80437 | Elf:3    | Identified the ring of Piroixoss {Wiz rN+ MP+9 Str-2 Dex+7}
 80783 | Elf:3    | Cast into level 3 of the Abyss (a deep elf sorcerer)
 80840 | Elf:3    | Escaped the Abyss
 80840 | Elf:3    | HP: 2/120 [acid (10)]
 80842 | Elf:3    | Identified the +12 halberd of Disharmony {vorpal, +Fly rC-
                  | Str+9 Stlth-}
 80845 | Elf:3    | Identified the +1 chain mail of Judoramo {Str+4}
 80849 | Elf:3    | Elyvilon protects you from harm!
 80850 | Elf:3    | Elyvilon protects you from harm!
 80851 | Elf:3    | Elyvilon protects you from harm!
 80854 | Elf:3    | HP: 5/120 [deep elf sorcerer/bolt of acid (9)]
 80854 | Elf:3    | Elyvilon protects you from harm!
 80854 | Elf:3    | Killed from afar by a deep elf high priest

Illustrated notes

Levels and vault maps discovered:
D:1:      roderic_crop_circles_arrival_small, layout_basic, kennysheep_doodads
D:2:      layout_loops_ring, okawaru_gym_becter
D:3:      minmay_skewed_foursquare, layout_loops_ring,
          overflow_temple_1_default, tso_altar
D:4:      layout_loops_ring, marbit_many_paths, gammafunk_temple_overflow_pools
D:5:      layout_basic, lemuel_doored_altar, minmay_temple_entry_nine_rooms
D:6:      lemuel_insect_pit, layout_cave_pools, kennysheep_slug_shrine,
          minmay_misc_feat_ornament, uniq_pikel, uniq_crazy_yiuf_cottage
D:7:      layout_cave_pools, gammafunk_ghost_arena, kennysheep_small_spiral,
          minmay_crystal_room
D:8:      layout_rooms, uniq_erica
D:9:      layout_basic, lemuel_round_altar, erik_lair_orcish_takeover
D:10:     layout_roguey, hangedman_decor_growths,
          hangedman_abyss_or_decor_stabs, uniq_psyche, uniq_sonja, uniq_erolcha
D:11:     layout_roguey, fedhas_altar_3, uniq_grum
D:12:     layout_loops_ring, orc_0_dummy, gammafunk_ghost_necromancy,
          gauntlet_entry_generic, hangedman_abyss_or_decor_clamps,
          bloody_makhleb, uniq_josephine, uniq_azrael
D:13:     layout_irregular_city, hellmonk_ghost_happy_afterlife, serial_shops,
          kennysheep_mini, shop, nicolae_shop_waterfront, nicolae_shop_crystal,
          nicolae_shop_crystal, kennysheep_generic_room_11
D:14:     layout_roguey, erik_vaults_1, minmay_misc_feat_square
D:15:     grunt_enter_depths_snipers, layout_loops_ring, grunt_decor_cap
Temple:   regret_index_temple_generic_petals
Lair:1:   layout_loops_ring, beast_lair_carwin_5, uniq_joseph, uniq_gastronok
Lair:2:   layout_chaotic_city, grunt_megastairs_2, lemuel_fruit_tree,
          uniq_maggie
Lair:3:   layout_regular_city, minmay_shoals_entry_lonely_mermaid,
          amcnicky_altar_gilded
Lair:4:   layout_loops_ring, nicolae_spider_entry_non_spiders,
          infiniplex_staircase_pool, minmay_lair_oklob_chamber, uniq_nergalle
Lair:5:   layout_cave_pods, infiniplex_staircase_pool_2, serial_bayou_shore_b,
          grunt_megastairs_1
Lair:6:   minmay_lair_end_enchanted_forest, layout_long_grid, slime_altar_1,
          minivault_24, lemuel_old_faithful, lemuel_fruit_fields
Shoals:1: gammafunk_sealed_arena, layout_shoals, gammafunk_ghost_split,
          uniq_jorgrun
Shoals:2: layout_shoals, serial_shops, shop_statue
Shoals:3: layout_shoals, gammafunk_ghost_wrathful_warriors, uniq_aizul,
          uniq_ilsuiw
Shoals:4: shoals_end_simple, layout_shoals
Spider:1: layout_spider_delve, hangedman_spider_tarantella_strand
Spider:2: layout_chambers
Spider:3: layout_spider_delve, drop_trap
Spider:4: grunt_spider_rune_island, ebering_ghost_xom, minmay_another_anthill
Orc:1:    cheibrodos_orc_bank, layout_diamond_mine, serial_shops, shop
Orc:2:    st_orc_ogre_mass, layout_diamond_mine, serial_shops, shop_statue,
          mines3_lemuel, uniq_urug
Elf:1:    minmay_elf_arrival_plus, layout_rooms, serial_shops,
          nicolae_shop_stone, hangedman_elf_disciples, st_stairs_7
Elf:2:    layout_rooms, basic_altar, drop_trap, minivault_4
Elf:3:    elf_hall, layout_gridlike
Vaults:1: ontoclasm_vaults_ring_square, nicolae_vaults_hallways_thing,
          vaults_room_large_hall, v_misc_10, hangedman_vaults_cutoff,
          vaults_mumra_chevron, nicolae_vaults_little_squares_3, v_misc_12,
          grunt_vaults_funnel, v_misc_27, grunt_vaults_hallway_short,
          vaults_dpeg_hooks, ontoclasm_vaults_chip, vaults_dpeg_encased_lava,
          vaults_dpeg_ring, layout_vaults_chaotic_city, uniq_nikola
Vaults:2: v_alt_pattern_3, nicolae_vaults_triangles, hangedman_vaults_pinch,
          special_room_vaults [special_room_orc], hangedman_vaults_snaps,
          v_misc_30, nicolae_vaults_theta, ontoclasm_vaults_pinch,
          nicolae_vaults_ring_of_whatevers, nicolae_vaults_little_squares_3,
          nicolae_vaults_big_angled_halls, v_misc_17, layout_vaults_omnibox,
          serial_shops, nicolae_shop_crystal, shop, shop

Skill      XL: |  1  2  3  4  5  6  7  8  9 10 11 12 13 14 15 16 17 18 19 20 |
---------------+-------------------------------------------------------------+-----
Ice Magic      | 5 6 7 8 9 10 11 13 14 15 | 15.1
Stealth        | 3 6 |  6.0
Fighting       | 1 2 3 4 6 7 8 9 |  9.8
Short Blades   | 2 |  2.8
Dodging        | 3 5 6 8 10 11 12 13 | 13.6
Summonings     | 1 5 6 7 12 13 | 13.6
Spellcasting   | 4 5 6 7 |  7.8
Transmutations | 4 5 7 9 |  9.6
Invocations    | 2 4 6 8 9 10 | 10.0
Evocations     | 2 4 6 7 |  7.4
Unarmed Combat | 2 4 5 7 8 9 10 11 12 13 | 13.1
Shields        | 4 10 12 | 12.0
Conjurations   | 4 |  4.0
Translocations | 2 |  2.0
Earth Magic    | 3 8 |  8.5

Action                   |  1- 3 |  4- 6 |  7- 9 | 10-12 | 13-15 | 16-18 | 19-21 || total
-------------------------+-------+-------+-------+-------+-------+-------+-------++-------
Melee: Short sword       |    17 |    53 |    73 |       |       |       |       ||   143
       Constrict         |     9 |    19 |    44 |     3 |     8 |    22 |    77 ||   182
       Tentacles         |     1 |    12 |    23 |     5 |     9 |    32 |   105 ||   187
       Dagger            |       |    14 |    42 |       |    42 |   115 |    21 ||   234
       Mace              |       |       |    37 |    41 |       |       |       ||    78
       Unarmed           |       |       |    27 |   324 |   487 |  1167 |   637 ||  2642
       Punch             |       |       |       |     1 |     6 |     9 |    50 ||    66
       Staff             |       |       |       |       |       |     4 |     1 ||     5
Throw: Stone             |       |     2 |    10 |       |       |       |       ||    12
 Cast: Freeze            |    36 |    25 |     8 |     1 |       |     6 |     1 ||    77
       Frozen Ramparts   |       |    23 |    41 |    39 |    73 |   126 |    48 ||   350
       Ozocubu's Armour  |       |    16 |    39 |    53 |    76 |   103 |    56 ||   343
       Summon Ice Beast  |       |       |    16 |    34 |    55 |    10 |       ||   115
       Ice Form          |       |       |     4 |    49 |    72 |   148 |    31 ||   304
       Hailstorm         |       |       |       |       |     3 |    48 |    13 ||    64
       Shadow Creatures  |       |       |       |       |       |   201 |   258 ||   459
       Blink             |       |       |       |       |       |     3 |     1 ||     4
       Lee's Rapid Decon |       |       |       |       |       |       |    27 ||    27
Invok: Lesser Healing    |       |       |     1 |     1 |       |       |       ||     2
       Greater Healing   |       |       |       |     3 |     3 |    11 |    22 ||    39
       Divine Protection |       |       |       |       |       |     1 |     1 ||     2
       Divine Vigour     |       |       |       |       |       |       |     1 ||     1
       Purification      |       |       |       |       |       |       |     1 ||     1
 Abil: End Transformatio |       |       |       |     1 |     3 |     7 |       ||    11
Evoke: Wand              |       |       |       |     6 |    10 |    15 |    12 ||    43
       Tin of tremorston |       |       |       |       |       |     2 |     2 ||     4
       Phial of floods   |       |       |       |       |       |       |     1 ||     1
       Box of beasts     |       |       |       |       |       |       |     1 ||     1
  Use: Scroll            |       |     9 |     7 |     8 |    11 |    11 |     9 ||    55
       Potion            |       |       |     4 |       |     3 |     9 |     9 ||    25
 Stab: Sleeping          |     1 |     3 |     4 |     5 |     9 |    23 |    22 ||    67
       Distracted        |       |       |       |     2 |     3 |    13 |     8 ||    26
       Confused          |       |       |       |       |       |     4 |       ||     4
       Paralysed         |       |       |       |       |       |     1 |       ||     1
Armor: Skin              |     8 |     8 |    22 |   107 |   146 |   360 |   113 ||   764
Dodge: Dodged            |    35 |    66 |   147 |   243 |   798 |  2645 |   652 ||  4586
Block: Buckler           |       |       |       |       |    37 |    94 |    75 ||   206
       Other             |       |       |       |       |       |       |    54 ||    54
       Reflection        |       |       |       |       |       |       |    48 ||    48
       Kite shield       |       |       |       |       |       |       |   310 ||   310

Table legend: (Time is in decaauts)
 A = Elapsed time spent in this place.
 B = Non-inter-level travel time spent in this place.
 C = Inter-level travel time spent in this place.
 D = Time resting spent in this place.
 E = Time spent auto-exploring this place.
 F = Levels seen in this place.
 G = Mean time per level.
                   A        B        C        D        E       F      G
               +--------+--------+--------+--------+--------+-----+--------+
         Total |  80618 |  75745 |   4873 |  23574 |  36668 |  40 | 2015.4 |
       Dungeon |  23441 |  21438 |   2003 |   4050 |  13398 |  15 | 1562.7 |
        Temple |    240 |    212 |     28 |      0 |    210 |   1 |  240.0 |
          Lair |  13715 |  12284 |   1431 |   1734 |   8052 |   6 | 2285.8 |
        Shoals |   9519 |   8964 |    555 |   3742 |   3393 |   4 | 2379.8 |
   Spider Nest |  12388 |  12158 |    230 |   5207 |   4579 |   4 | 3097.0 |
  Orcish Mines |   4727 |   4393 |    334 |   1864 |   1733 |   2 | 2363.5 |
   Elven Halls |  10589 |  10489 |    100 |   5279 |   2772 |   3 | 3529.7 |
        Vaults |   4399 |   4208 |    191 |   1193 |   2054 |   2 | 2199.5 |
         Abyss |    124 |    124 |      0 |     26 |      0 |   2 |   62.0 |
      Gauntlet |   1472 |   1472 |      0 |    479 |    477 |   1 | 1472.0 |
               +--------+--------+--------+--------+--------+-----+--------+

Top non-repeatable levels by time:
   Elf:2: 5735 daAuts
Spider:3: 5478 daAuts
Vaults:1: 3634 daAuts
  Lair:6: 3329 daAuts
Shoals:3: 3173 daAuts
     D:5: 2921 daAuts
   Elf:1: 2834 daAuts
Spider:4: 2789 daAuts
Spider:2: 2744 daAuts
   Orc:1: 2409 daAuts
Shoals:2: 2363 daAuts
  Lair:2: 2331 daAuts
   Orc:2: 2317 daAuts
  Lair:1: 2296 daAuts
  Lair:4: 2143 daAuts
